 Dungeon Crawl Stone Soup version 0.25.1-2-g60ff931df9 (webtiles) character file.

Game seed: 15800342005074382364

964 pokeman the Thaumaturge (level 7, 0/40 HPs)
             Began as a Deep Elf Wizard on Nov 25, 2020.
             Succumbed to a worker ant's poison
             ... on level 6 of the Dungeon.
             The game lasted 00:18:20 (6962 turns).

pokeman the Thaumaturge (Deep Elf Wizard)           Turns: 6962, Time: 00:18:20

Health: 0/40       AC:  5    Str:  4    XL:     7   Next: 93%
Magic:  10/30      EV: 12    Int: 25    God:
Gold:   262        SH:  0    Dex: 13    Spells: 11/23 levels left

rFire    . . .     SeeInvis .   w - -2 short sword (curse)
rCold    . . .     Gourm    .   (no shield)
rNeg     . . .     Faith    .   l - +0 leather armour
rPois    .         Spirit   .   b - +0 hat
rElec    .         Reflect  .   x - +0 cloak
rCorr    .         Harm     .   z - +0 pair of gloves
MR       .....                  (no boots)
Stlth    +.........             (no amulet)
HPRegen  0.13/turn              c - ring of magical power
MPRegen  0.22/turn              A - ring of attention (curse)

@: lethally poisoned (0 -> -5), very slightly contaminated
A: no striking features
a: no special abilities


You were on level 6 of the Dungeon.
You were very hungry.

You visited 1 branch of the dungeon, and saw 6 of its levels.

You collected 262 gold pieces.

Inventory:

Hand Weapons
 w - a cursed -2 short sword (weapon)
 B - a +0 shortbow
Missiles
 o - 56 bolts
 D - 63 arrows
Armour
 b - a +0 hat (worn)
 l - a +0 leather armour (worn)
 x - a +0 cloak (worn)
 z - a +0 pair of gloves (worn)
Jewellery
 c - a ring of magical power (left hand)
 f - a +6 ring of dexterity
 m - an uncursed ring of protection from fire
 y - a +6 ring of intelligence
 A - a cursed ring of attention (right hand)
 C - an uncursed ring of ice
Wands
 r - a wand of enslavement (11)
 E - a wand of paralysis (5)
Scrolls
 a - 4 scrolls of teleportation {unknown}
 g - 8 scrolls of identify {unknown}
 h - a scroll of blinking {unknown}
 i - a scroll of amnesia {unknown}
 j - 3 scrolls of remove curse {unknown}
 k - a scroll of immolation {unknown}
 n - 3 scrolls of fog {unknown}
 p - a scroll of enchant weapon {unknown}
 u - 3 scrolls of fear {unknown}
 G - a scroll of magic mapping {unknown}
Potions
 e - a potion of degeneration {unknown}
 q - a potion of might {unknown}
 s - 3 potions of stabbing {unknown}
 t - 5 potions of curing {unknown}
 v - a potion of haste {unknown}
Comestibles
 d - 14 rations


   Skills:
 + Level 2.4 Fighting
 - Level 1.0 Armour
 - Level 3.0 Dodging
 - Level 3.1 Stealth
 * Level 8.7 Spellcasting
 + Level 4.4 Conjurations
 - Level 1.1 Summonings
 - Level 1.1 Translocations
 + Level 3.0 Fire Magic
 - Level 1.0 Air Magic
 - Level 1.1 Poison Magic
 - Level 1.0 Evocations


You had 11 spell levels left.
You knew the following spells:

 Your Spells              Type           Power        Failure   Level  Hunger
a - Magic Dart            Conj           ####         1%          1    None
b - Mephitic Cloud        Conj/Pois/Air  ###.....     12%         3    None
c - Call Imp              Summ           ###.....     10%         2    None
d - Blink                 Tloc           N/A          10%         2    None
e - Conjure Flame         Conj/Fire      ####....     6%          3    None
f - Apportation           Tloc           ###...       6%          1    None

Your spell library contained the following spells:

 Spells                   Type           Power        Failure   Level  Hunger
 Summon Small Mammal      Summ           ###.         6%          1    None
 Animate Skeleton         Necr           N/A          10%         1    None
 Corona                   Hex            ##.....      10%         1    None
 Slow                     Hex            ##......     14%         2    None


Dungeon Overview and Level Annotations

Branches:
Dungeon (6/15)
 Temple: D:4-7

Altars:
Ashenzari
Gozag
Hepliaklqana
Okawaru
Zin
The Shining One


Message History

Confirm with . or Enter, or press ? or * to list all spells.
Aiming: Mephitic Cloud (dangerous; 12% risk of failure)
Press: ? - help, Shift-Dir - straight line The ball explodes into a vile cloud!
The stinking cloud engulfs the centaur but does no damage.
The centaur is severely wounded.
The stinking cloud engulfs the orc wizard but does no damage.
The orc wizard is severely wounded.
The worker ant bites you.
* * * LOW HITPOINT WARNING * * *
You are lethally poisoned!
The worker ant poisons you!
The centaur is engulfed in noxious fumes.
The centaur appears confused.
The centaur laughs at nothing.
The orc wizard misses you. The worker ant closely misses you.
Casting: Mephitic Cloud (dangerous; 12% risk of failure)
Confirm with . or Enter, or press ? or * to list all spells.
You blink.
You die...

#.# ..# #.#
# #.#####.#
#.......#
#.....#
###)....####
#§a§@.......
#○o<........
#☼c§........
#☼○.........
####.##.....
#.# .....
#.# .... #.#
.... .#


You could see a centaur (confused), a worker ant and an orc wizard.

Vanquished Creatures
  A sky beast (D:5)
  A centaur (D:5)
  3 ogres (D:5)
  A scorpion (D:5)
  A howler monkey (D:4)
  A hound (D:5)
  An orc priest (D:4)
  A jelly (D:5)
  A bullfrog skeleton (D:5)
  4 orc wizards (D:5)
  A worker ant (D:2)
  A worker ant zombie (D:5)
  3 adders
  2 oozes
  2 adder skeletons
  A worm (D:4)
  5 dart slugs
  2 leopard geckos
  27 orcs
  A ball python (D:2)
  9 bats
  7 giant cockroaches
  8 hobgoblins
  6 jackals
  3 quokkas
  6 frilled lizards
  5 goblins
  15 kobolds
  A leopard gecko skeleton (D:5)
  A leopard gecko zombie (D:5)
  10 rats
131 creatures vanquished.

Notes
Turn   | Place    | Note
-------+----------+-------------------------------------------
     0 | D:1      | pokeman the Deep Elf Wizard began the quest for the Orb.
     0 | D:1      | Reached XP level 1. HP: 10/10 MP: 7/7
   253 | D:1      | Reached XP level 2. HP: 12/15 MP: 3/9
   589 | D:1      | Reached skill level 5 in Spellcasting
   882 | D:1      | Reached XP level 3. HP: 20/20 MP: 4/11
   887 | D:1      | Learned a level 3 spell: Mephitic Cloud
   890 | D:1      | Learned a level 2 spell: Call Imp
   893 | D:1      | Learned a level 2 spell: Blink
   897 | D:1      | Learned a level 3 spell: Conjure Flame
  1302 | D:2      | Found a faded altar of an unknown god.
  1380 | D:2      | Reached skill level 1 in Armour
  1513 | D:2      | Reached skill level 1 in Fighting
  1925 | D:2      | Reached XP level 4. HP: 25/25 MP: 13/13
  2394 | D:2      | Reached skill level 1 in Fire Magic
  2942 | D:3      | Found a shattered altar of Ashenzari.
  3123 | D:3      | Reached skill level 6 in Spellcasting
  3254 | D:3      | Reached XP level 5. HP: 29/29 MP: 15/15
  3505 | D:3      | Found an iron altar of Okawaru.
  3583 | D:3      | Learned a level 1 spell: Apportation
  3749 | D:4      | Reached skill level 1 in Air Magic
  3801 | D:4      | Found a glowing golden altar of the Shining One.
  4627 | D:4      | Found a hazy altar of Hepliaklqana.
  4805 | D:5      | Entered Level 5 of the Dungeon
  4904 | D:5      | Reached skill level 1 in Poison Magic
  4904 | D:5      | Reached XP level 6. HP: 27/34 MP: 12/17
  5060 | D:5      | Reached skill level 7 in Spellcasting
  5143 | D:5      | Reached skill level 1 in Evocations
  5146 | D:5      | Noticed a sky beast
  5180 | D:5      | Killed a sky beast
  5480 | D:5      | Reached XP level 7. HP: 29/38 MP: 13/20
  5976 | D:5      | Reached skill level 8 in Spellcasting
  6190 | D:5      | Found an opulent altar of Gozag.
  6715 | D:5      | Found a glowing silver altar of Zin.
  6961 | D:6      | HP: 1/40 [worker ant (6)]
  6962 | D:6      | Succumbed to a worker ant's poison

Illustrated notes

Levels and vault maps discovered:
D:1:      heliophobic_arrival_ceremonial_halls, layout_rooms,
          hangedman_decor_peaks_small, minmay_pentomino_p4
D:2:      layout_loops_ring, chequers_ecumenical_altar_twisty,
          kennysheep_generic_room_15
D:3:      layout_basic, nicolae_ashenzari_panopticon, lemuel_crystal_altar,
          first_ration, feat_on_display
D:4:      layout_loops_ring, lemuel_coloured_pillars_altar, tso_altar
D:5:      layout_cave_pods, zin_treasury, lemuel_crystal_altar
D:6:      layout_basic, nicolae_overflow_hidden_temple,
          minmay_temple_entry_junction, serial_shops, nicolae_shop_behind_doors,
          lemuel_old_faithful

Skill      XL: |  1  2  3  4  5  6  7 |
---------------+----------------------+-----
Spellcasting   | 5 6 7 8 |  8.7
Armour         | 1 |  1.0
Fighting       | 1 2 |  2.4
Conjurations   | 2 3 4 |  4.4
Fire Magic     | 1 3 |  3.0
Dodging        | 3 |  3.0
Air Magic      | 1 |  1.0
Stealth        | 3 |  3.1
Poison Magic   | 1 |  1.1
Evocations     | 1 |  1.0
Summonings     | |  1.1
Translocations | |  1.1

Action                   |  1- 3 |  4- 6 |  7- 9 || total
-------------------------+-------+-------+-------++-------
Melee: Unarmed           |     1 |       |       ||     1
       Short sword       |       |    20 |    10 ||    30
 Cast: Magic Dart        |   110 |   194 |    48 ||   352
       Mephitic Cloud    |       |     8 |     7 ||    15
       Conjure Flame     |       |     4 |     3 ||     7
       Call Imp          |       |     1 |       ||     1
       Blink             |       |       |     2 ||     2
 Stab: Confused          |       |       |     2 ||     2
  Eat: Chunk             |     3 |    10 |     4 ||    17
Armor: Robe              |     3 |       |       ||     3
       Leather armour    |     1 |    13 |     7 ||    21
Dodge: Dodged            |    22 |    31 |    22 ||    75
